 Dungeon Crawl Stone Soup version 0.31-a0-1576-ga3383bade6 (webtiles) character file.

Game seed: 12150084819438462557

137 monsoonserge the Chiller (level 5, -4/36 HPs)
             Began as a Barachi Ice Elementalist on Jan 5, 2024.
             Slain by an ogre
             ... wielding a +0 giant club
              (20 damage)
             ... on level 4 of the Dungeon.
             The game lasted 00:11:28 (2987 turns).

monsoonserge the Chiller (Barachi Ice Elementalist) Turns: 2987, Time: 00:11:29

Health: -4/36      AC: 10    Str:  9    XL:     5   Next: 20%
Magic:  6/9        EV: 10    Int: 18    God:
Gold:   5          SH:  5    Dex: 18    Spells: 3/10 levels left

rFire   . . .        e - +0 mace
rCold   . . .        u - +0 buckler
rNeg    . . .        q - +0 ring mail
rPois   .            (no helmet)
rElec   .            (no cloak)
rCorr   .            (no gloves)
SInv    .            g - +0 pair of boots
Will    .....        (no amulet)
Stlth   ++           a - +4 ring of protection
HPRegen 0.26/turn    n - +6 ring of dexterity
MPRegen 0.11/turn

%: no passive effects
@: freezing walls, slow
A: amphibious, slowness 1, strong legs 1, +LOS
a: Hop


You were on level 4 of the Dungeon.
You visited 1 branch of the dungeon, and saw 4 of its levels.

You collected 97 gold pieces.
You spent 92 gold pieces at shops.

Inventory:

Hand Weapons
 e - a +0 mace (weapon)
 t - a +0 morningstar
Armour
 g - a +0 pair of boots (worn)
 h - a +0 leather armour
 q - a +0 ring mail (worn)
 u - a +0 buckler (worn)
Jewellery
 a - a +4 ring of protection (left hand)
 j - an amulet of faith
 k - a ring of fire
 n - a +6 ring of dexterity (right hand)
Wands
 x - a wand of polymorph (13)
Scrolls
 d - a scroll of fear
 f - 2 scrolls of immolation {unknown}
 l - 2 scrolls of poison {unknown}
 o - 2 scrolls of noise {unknown}
 r - a scroll of teleportation
 s - 2 scrolls of vulnerability
 w - a scroll of blinking
 y - 3 scrolls of revelation
Potions
 b - a potion of magic
 c - a potion of haste {unknown}
 i - a potion of mutation {unknown}
 m - a potion of enlightenment {unknown}
 v - a potion of lignification {unknown}
 z - a potion of resistance {unknown}


   Skills:
 + Level 0.3 Fighting
 + Level 0.1 Short Blades
 + Level 1.2 Maces & Flails
 * Level 1.4 Armour
 + Level 2.6 Dodging
 - Level 2.0 Stealth
 * Level 0.9 Shields
 - Level 3.0 Spellcasting
 * Level 1.4 Summonings
 * Level 5.9 Ice Magic


You had 3 spell levels left.
You knew the following spells:

 Your Spells              Type           Power      Damage    Failure   Level
a - Freeze                Ice            96%        1d10      6%          1
b - Frozen Ramparts       Ice            48%        1d8       19%         3
c - Summon Ice Beast      Ice/Summ       15%        N/A       43%         3

Your spell library contained the following spells:

 Spells                   Type           Power      Damage    Failure   Level
 Ozocubu's Armour         Ice            24%        N/A       19%         3
 Tukima's Dance           Hex            2%         N/A       91%         3
 Dimensional Bullseye     Hex/Tloc       1%         N/A       100%        4
 Iskenderun's Mystic Bla  Conj/Tloc      2%         2d3       100%        4


Dungeon Overview and Level Annotations

Branches:
Dungeon (4/15)
 Temple: D:4-7

Altars:

Shops:
D:3 !![**

Annotations:
D:4 Dowan, Duvessa


Innate Abilities, Weirdness & Mutations

You are amphibious.
You cover ground slowly.
You can hop short distances.
You have an extended range of vision and can be seen from far away.


Message History

a +0 club; a +0 sling The jackal barks! x2
You see here 2 scrolls of revelation.
y - 3 scrolls of revelation (gained 2)
The jackal barks!
The jackal bites you.
You hit the jackal but do no damage.
The jackal bites you but does no damage.
The ogre barely misses you.
Casting: Freeze (safe; 6% risk of failure)
Confirm with . or Enter, or press ? or * to list all spells.
Casting: Frozen Ramparts (quite dangerous; 19% risk of failure)
Press: ? - help, Dir - look around, f - activate The walls around you are covered in ice.
The wall freezes the jackal.
The jackal barely misses you.
The wall freezes the jackal. x2
You kill the jackal!
Unknown command.
The endoplasm quivers.
You hit the ogre.
The ogre is lightly wounded.
The wall freezes the jackal.
You kill the jackal!
The wall freezes the jackal.
The wall freezes the ogre.
The ogre closely misses you.
The wall freezes the jackal.
You kill the jackal!
A ball python comes into view.
You hit the ogre.
The ogre is moderately wounded.
The wall freezes the ogre.
The ogre hits you with a +0 giant club!!
Ouch! That really hurt!
Unknown command.
Okay, then.
You barely miss the ogre.
The ogre is heavily wounded.
The wall freezes the ogre!
The ogre hits you with a +0 giant club!!
Ouch! That really hurt!
You die...

...#..)......'[###.......
.##.##.......'...........
###.##########.†.........
#...# ....#...)........
#...# .................
#...#...............!..
#...#............#.....
##...#........##..#.....
.#...##.)....# #@.# ....
##...###..... #.O# ....
##÷''# ##.... †.... ..
##...# #... ........
#..### ##. ...........
<....# . .............
..#### ...........S.. .##
............... ##
................


You could see an ogre and a ball python.

Vanquished Creatures
  An iguana (D:4)
  3 adders
  5 dart slugs
  A ribbon worm (D:4)
  5 ball pythons
  6 bats
  7 endoplasms
  4 giant cockroaches
  4 goblins
  5 hobgoblins
  4 jackals
  4 kobolds
  7 quokkas
  4 frilled lizards
  8 rats
68 creatures vanquished.

Notes
Turn   | Place    | Note
-------+----------+-------------------------------------------
     0 | D:1      | monsoonserge the Barachi Ice Elementalist began the quest
                  | for the Orb.
     0 | D:1      | Reached XP level 1. HP: 13/13 MP: 3/3
    33 | D:1      | Reached skill level 5 in Ice Magic
   226 | D:1      | Reached XP level 2. HP: 19/19 MP: 0/5
   350 | D:1      | Found a faded altar of an unknown god.
   731 | D:1      | Reached XP level 3. HP: 21/24 MP: 4/6
   736 | D:1      | Learned a level 3 spell: Frozen Ramparts
   740 | D:1      | Learned a level 3 spell: Summon Ice Beast
  1392 | D:2      | Reached skill level 1 in Armour
  1509 | D:2      | Reached XP level 4. HP: 30/30 MP: 3/8
  1805 | D:3      | Reached skill level 1 in Summonings
  2022 | D:3      | Found Memiedun's Assorted Antiques.
  2042 | D:3      | Found Jyeplify's Distillery.
  2058 | D:3      | Bought a scroll labelled GIANA METUNG for 23 gold pieces
  2058 | D:3      | Bought a scroll labelled JOSOSCH OCSEIH for 23 gold pieces
  2058 | D:3      | Bought a scroll labelled DYERRE IR DELO for 23 gold pieces
  2154 | D:3      | Found Unyn's General Store.
  2322 | D:3      | Found Padeqegu's Distillery.
  2373 | D:3      | Found Ejakhlugg's Armour Shop.
  2505 | D:4      | Noticed Dowan
  2505 | D:4      | Noticed Duvessa
  2547 | D:4      | Noticed an ogre
  2733 | D:4      | Reached XP level 5. HP: 35/35 MP: 5/9
  2742 | D:4      | Reached skill level 1 in Maces & Flails
  2834 | D:3      | Bought a scroll labelled JOSOSCH OCSEIH for 23 gold pieces
  2987 | D:4      | Slain by an ogre

Illustrated notes

Levels and vault maps discovered:
D:1:      heliophobic_arrival_enchanted_forest, layout_loops_corners,
          ebering_ecumenical_altar_ruins, minmay_distorted
D:2:      layout_rooms
D:3:      layout_loops_ring, serial_shops, nicolae_shop_hallway_plus, shop,
          nicolae_shop_hallway_plus, shop, shop
D:4:      layout_layer_cave, minmay_temple_entry_offerings,
          kennysheep_cross_bottleneck, uniq_sigmund, uniq_robin, uniq_duvessa

Skill      XL: |  1  2  3  4  5 |
---------------+----------------+-----
Ice Magic      | 5 |  5.9
Armour         | 1 |  1.4
Stealth        | 2 |  2.0
Summonings     | 1 |  1.4
Spellcasting   | 3 |  3.0
Maces & Flails | 1 |  1.2
Fighting       | |  0.3
Short Blades   | |  0.1
Dodging        | |  2.6
Shields        | |  0.9

Action                     |  1- 3 |  4- 6 || total
---------------------------+-------+-------++-------
  Melee: Unarmed           |    18 |       ||    18
         Club              |     2 |       ||     2
         Dagger            |     2 |       ||     2
         Mace              |    19 |    54 ||    73
         Morningstar       |       |     2 ||     2
   Cast: Freeze            |    48 |    24 ||    72
         Frozen Ramparts   |     1 |     1 ||     2
    Use: Scroll            |       |     5 ||     5
   Stab: Sleeping          |     2 |     1 ||     3
 Armour: Robe              |    18 |       ||    18
         Leather armour    |    25 |    28 ||    53
         Ring mail         |       |    32 ||    32
  Dodge: Dodged            |    49 |    56 ||   105
  Block: Buckler           |       |    18 ||    18

Table legend: (Time is in decaauts)
 A = Elapsed time spent in this place.
 B = Non-inter-level travel time spent in this place.
 C = Inter-level travel time spent in this place.
 D = Time resting spent in this place.
 E = Time spent auto-exploring this place.
 F = Levels seen in this place.
 G = Mean time per level.
                   A        B        C        D        E       F      G
               +--------+--------+--------+--------+--------+-----+--------+
         Total |   3446 |   3021 |    425 |     65 |   1863 |   4 |  861.5 |
       Dungeon |   3446 |   3021 |    425 |     65 |   1863 |   4 |  861.5 |
               +--------+--------+--------+--------+--------+-----+--------+

Top non-repeatable levels by time:
     D:1: 1281 daAuts
     D:3: 1178 daAuts
     D:2: 663 daAuts
     D:4: 322 daAuts
